 Dungeon Crawl Stone Soup version 0.24.0 (webtiles) character file.

Game seed: 8803988828201127187, levelgen mode: deterministic

95 Mrkan the Skirmisher (level 4, -6/40 HPs)
             Began as a Draconian Fighter on Oct 25, 2019.
             Killed from afar by an orc wizard (10 damage)
             ... with a puff of flame
             ... on level 3 of the Dungeon.
             The game lasted 00:03:19 (1494 turns).

Mrkan the Skirmisher (Draconian Fighter)            Turns: 1494, Time: 00:03:20

Health: -6/40      AC:  5    Str: 20    XL:     4   Next: 39%
Magic:  4/4        EV: 10    Int:  8    God:
Gold:   71         SH:  9    Dex: 10    Spells: 3/3 levels left

rFire    . . .     SeeInvis .   a - +0 flail
rCold    . . .     Gourm    .   b - +0 shield
rNeg     . . .     Faith    .   (armour unavailable)
rPois    .         Spirit   .   (helmet restricted)
rElec    .         Reflect  .   (no cloak)
rCorr    .         Harm     .   (no gloves)
MR       .....                  (no boots)
Stlth    +.........             (no amulet)
HPRegen  0.13/turn              (no ring)
MPRegen  0.09/turn              (no ring)

@: no status effects
A: unfitting armour, cold-blooded, AC +5
a: no special abilities


You were on level 3 of the Dungeon.
You were not hungry.

You visited 1 branch of the dungeon, and saw 3 of its levels.

You collected 71 gold pieces.

Inventory:

Hand Weapons
 a - a +0 flail (weapon)
Armour
 b - a +0 shield (worn)
Jewellery
 g - a +1 ring of slaying {unknown}
Wands
 l - a wand of iceblast (11)
Scrolls
 e - 4 scrolls of identify {unknown}
 h - a scroll of immolation {unknown}
 i - a scroll of teleportation {unknown}
 k - a scroll of magic mapping {unknown}
Potions
 c - a potion of might
 f - a potion of flight {unknown}
 m - a potion of curing {unknown}
Comestibles
 d - a ration
 j - 2 chunks of flesh


   Skills:
 + Level 4.1 Fighting
 * Level 3.6 Maces & Flails
 - Level 2.6 Dodging
 + Level 3.6 Shields


You had 3 spell levels left.
You didn't know any spells.
Your spell library contained the following spells:

 Spells                   Type           Power        Failure   Level  Hunger
 Magic Dart               Conj           #...         88%         1    ##.....
 Blink                    Tloc           N/A          96%         2    ###....
 Call Imp                 Summ           #.......     96%         2    ###....
 Slow                     Hex            #.......     96%         2    ###....
 Conjure Flame            Conj/Fire      #.......     99%         3    ####...
 Mephitic Cloud           Conj/Pois/Air  #.......     99%         3    ####...


Dungeon Overview and Level Annotations

Branches:
Dungeon (3/15)

Altars:
The Shining One


Innate Abilities, Weirdness & Mutations

Your plain brown scales are hard. (AC +5)
You cannot fit into any form of body armour.
You are cold-blooded and may be slowed by cold attacks.


Message History

The orc wizard casts a spell at you. The magic dart hits you.
* * * LOW HITPOINT WARNING * * *
The orc wizard mumbles some strange words.
The orc wizard flickers and vanishes!
Deactivating autopickup; reactivate with Ctrl-A.
You block the orc warrior's attack.
You see here a short sword.
A magic dart appears from out of thin air!
The magic dart hits you.
* * * LOW HITPOINT WARNING * * *
Found a great sword and a murky brown potion.
You hear some strange, mumbled words.
A magic dart appears from out of thin air!
The magic dart hits you.
* * * LOW HITPOINT WARNING * * *
You hear some strange, mumbled words.
A puff of flame appears from out of thin air!
The puff of flame hits you!
You die...

....# .... ... ..
...#.# #.##.#
#!##.# #.##.#
#@.#.# ##.#.#
#...# . ###o###
.### #...# ....
#.#...# ...#
##########o###.).#
...# #....go....#
### ...#
#........o.#


You could see an orc warrior.

Vanquished Creatures
  An adder (D:2)
  3 oozes
  3 worms (D:2)
  3 dart slugs
  2 leopard geckos (D:2)
  4 giant cockroaches (D:2)
  6 goblins
  9 hobgoblins
  4 jackals (D:1)
  2 bats
  4 frilled lizards (D:2)
  7 kobolds
  A leopard gecko zombie (D:2)
  6 rats
55 creatures vanquished.

Notes
Turn   | Place    | Note
-------+----------+-------------------------------------------
     0 | D:1      | Mrkan the Draconian Fighter began the quest for the Orb.
     0 | D:1      | Reached XP level 1. HP: 19/19 MP: 1/1
   146 | D:1      | Reached XP level 2. HP: 19/26 MP: 2/2
   415 | D:1      | Reached XP level 3. HP: 28/33 MP: 3/3
  1098 | D:2      | Reached XP level 4. HP: 39/40 MP: 4/4
  1120 | D:2      | Found a glowing golden altar of the Shining One.
  1226 | D:2      | Reached skill level 4 in Fighting
  1462 | D:3      | Noticed an orc warrior
  1494 | D:3      | Killed from afar by an orc wizard

Levels and vault maps discovered:
D:1:      dpeg_arrival_morbid_curiosity, layout_loops_ring
D:2:      minmay_evil_eye, layout_basic, tso_metal_star
D:3:      layout_rooms, amethyst_overflow_temple_binary, first_ration
